[Event "FIDE WSCC 50 2022"]
[Site "Assisi"]
[Date "2022.11.23"]
[Round "8.10"]
[White "Antonio, Rogelio Jr"]
[Black "Loeffler, Markus"]
[Result "1-0"]
[ECO "B51"]
[WhiteElo "2397"]
[BlackElo "2260"]
[Annotator "TA"]
[PlyCount "43"]
[EventDate "2022.11.14"]
[EventType "swiss"]
[EventCountry "ITA"]
[SourceTitle "playchess.com"]
[Source "ChessBase"]
[SourceQuality "1"]
[TimeControl "40/5400+30:1800+30"]

1. e4 c5 2. Nf3 d6 3. Bb5+ Nd7 4. c3 Ngf6 5. Qe2 g6 6. d4 {[%emt 0:03:45] B51: Sicilian: Moscow Variation (3 Bb5+) without 3...Bd7.} Bg7 7. e5 dxe5 8. dxe5 {[%emt 0:00:11] White is slightly better.} Nd5 9. e6 {[%emt 0:03:35] Against a6} fxe6 10. Ng5 (10. Qxe6 $6 Nc7 11. Qe2 Nxb5 12. Qxb5 O-O $11) 10... Nc7 11. Bf4 {[%emt 0:00:40] [#]} ({Much weaker is} 11. Nxe6 Nxe6 12. Qxe6 a6 $15) ({Of course not} 11. Qf3 Bf6 12. Be2 Ne5 $11) (11. O-O {simplifies} O-O 12. Na3 h6 13. Nxe6 Nxe6 14. Qxe6+ Kh7 15. Qe3) 11... Bf6 $146 (11... Nxb5 12. Nxe6 (12. Qxb5 Qb6 $15) 12... Qb6 13. Nxg7+ Kf7 14. Bh6 $16) (11... e5 $1 $14 12. Qc4 (12. Bxe5 Bxe5 13. Qxe5 O-O $11) 12... Rf8) ({Predecessor:} 11... e5 12. Bxe5 Bxe5 13. Qxe5 O-O 14. Bc4+ e6 15. Qe3 Nf6 16. Qxc5 b5 17. Bb3 Bb7 {0-1 (23) Sedina,E (2294)-Stijve,T (2263) Flims 2021}) 12. Bxc7 $16 {[%emt 0:05:42][%mdl 64] [#] Remove Defender. White has more active pieces.} ({Not} 12. Nxe6 Nxe6 13. Qxe6 a6 14. Bxd7+ (14. Bc4 $2 Ne5 $19) 14... Bxd7 $15) 12... Qxc7 13. Nxe6 Qe5 14. Qxe5 Bxe5 15. Nxc5 a6 16. Nxd7 Bxd7 17. Bxd7+ Kxd7 18. Nd2 Kc6 19. Ke2 Rad8 20. Rad1 Rd5 21. Nf3 {[%emt 0:00:54] Rxd5 is the strong threat.} Rhd8 {[%emt 0:00:20][%mdl 8192] [#]} (21... Ra5 $16 22. Rd2 Bg7) 22. c4 $1 {[%emt 0:00:19] Weighted Error Value: White=0.04 (flawless) /Black=0.53} 1-0

[Event "FIDE WSCC 50 2022"]
[Site "Assisi"]
[Date "2022.11.23"]
[Round "8.11"]
[White "Dishman, Stephen"]
[Black "Zeller, Frank"]
[Result "1/2-1/2"]
[ECO "A45"]
[WhiteElo "2255"]
[BlackElo "2359"]
[Annotator "TA"]
[PlyCount "51"]
[EventDate "2022.11.14"]
[EventType "swiss"]
[EventCountry "ITA"]
[SourceTitle "playchess.com"]
[Source "ChessBase"]
[SourceQuality "1"]
[TimeControl "40/5400+30:1800+30"]

1. d4 Nf6 2. Bg5 Ne4 3. Bf4 c5 4. f3 Nf6 5. dxc5 b6 6. Nc3 {[%emt 0:00:20] White wants to play Nb5. A45: Trompowsky Attack.} bxc5 7. e4 Nc6 8. Bb5 Bb7 9. Qd2 d6 {[%emt 0:08:55] [#]} 10. O-O-O $146 {[%emt 0:04:55] Black must now prevent e5. White is more active.} ({Predecessor:} 10. Nge2 a6 11. Ba4 Nd7 12. Nd5 e6 13. Ne3 Nb6 14. Bxc6+ Bxc6 15. O-O-O e5 16. Bg3 {1-0 (31) Dean,P (2135)-Hoemske,M (2297) ICCF email 2015}) 10... Qa5 (10... Nd7 $14) 11. e5 dxe5 12. Bxe5 Rd8 13. Qxd8+ Qxd8 14. Rxd8+ Kxd8 15. Bf4 e6 16. Nge2 Be7 17. Rd1+ Kc8 18. Be3 Ne5 19. Ng3 {[%emt 0:10:25] White is slightly better.} h5 20. h3 h4 21. Nge4 Nxe4 22. Nxe4 Bxe4 23. fxe4 Kc7 24. c3 Bd6 25. Be2 f6 26. Kc2 {[%emt 0:01:53] Weighted Error Value: White=0.10 (very precise) /Black=0.10 (very precise)} 1/2-1/2

[Event "FIDE WSCC 50 2022"]
[Site "Assisi"]
[Date "2022.11.23"]
[Round "8.12"]
[White "Al-Ali, Hussein Ali Hussein"]
[Black "Prie, Eric"]
[Result "0-1"]
[ECO "B01"]
[WhiteElo "2231"]
[BlackElo "2356"]
[Annotator "TA"]
[PlyCount "86"]
[EventDate "2022.11.14"]
[EventType "swiss"]
[EventCountry "ITA"]
[SourceTitle "playchess.com"]
[Source "ChessBase"]
[SourceQuality "1"]
[TimeControl "40/5400+30:1800+30"]

1. e4 d5 2. exd5 Qxd5 3. Nc3 Qa5 4. d4 Nf6 5. Bc4 Bg4 6. f3 Bf5 7. g4 {[%emt 0:01:32] [#] Threatens to win with Bd2. B01: Scandinavian Defence.} Bg6 {[%emt 0:00:10] aiming for ...Nc6.} 8. h4 {[%emt 0:00:31] Hoping for h5.} h6 $1 9. Nge2 {[%emt 0:00:04] The position is equal.} Nbd7 10. Bd2 {[%emt 0:01:32][%cal Oc3d5] And now Nd5! would win.} O-O-O 11. Nf4 (11. Nb5 $11 Qb6 12. a4) 11... e5 $15 12. Nxg6 fxg6 {[%emt 0:01:35] [#]} 13. Bd3 $146 (13. d5 $15) ({Predecessor:} 13. d5 Nb6 14. Qe2 Nxc4 15. Qxc4 Nxd5 16. O-O-O Qb4 17. Qe2 Nxc3 18. Bxc3 Qf4+ 19. Kb1 Rxd1+ 20. Rxd1 {0-1 (38) Ambirk,J (1994)-Simonet,D (1964) ICCF email 2015}) 13... exd4 $17 14. Ne2 (14. Ne4 $17 Bb4 15. a3 Bxd2+ 16. Qxd2) 14... Qb6 15. O-O Nd5 (15... Qxb2 16. Rb1 Qa3 17. Bxg6 $17) 16. Qe1 Bb4 (16... Qxb2 17. Rb1 Qa3 18. Be4 $17) 17. Bxb4 Nxb4 18. Qf2 Nc5 19. Rfd1 Rhf8 (19... Nbxd3 $2 20. cxd3 Rhe8 21. Nxd4 $19) 20. a3 Nbxd3 21. cxd3 Nb3 {[%emt 0:00:05] Inhibits Rac1.} (21... Qxb2 $2 {perishes.} 22. Rac1 Nb3 23. Rb1 Qxa3 24. Ng3 $19) 22. Ng3 Nxa1 23. Rxa1 Qb3 24. Qe2 Qf7 25. Kg2 h5 26. g5 Qf4 27. Rh1 Qe3 28. Qd1 Rde8 29. Ne4 Re5 30. Rh3 a5 31. Qc2 Kb8 32. b4 axb4 33. axb4 Rb5 34. Qc4 Rbf5 35. Nc5 Qe2+ ({And not} 35... Rxf3 36. Nd7+ Kc8 37. Nb6+ Kb8 38. Nd7+ Kc8 39. Nb6+ Kb8 40. Nd7+ $11) 36. Kg1 {[%emt 0:00:17] [#]} Re8 ({Worse is} 36... Rxf3 37. Nd7+ Kc8 38. Nb6+ Kb8 39. Nd7+ Kc8 40. Nb6+ Kb8 41. Nd7+ $11) (36... Rxc5 $142 $1 37. bxc5 (37. Qxc5 Qe1+) 37... Qe1+ 38. Kg2 Re8 39. Qc2 Re2+ 40. Qxe2 Qxe2+ 41. Kg1 Qxd3 42. Rh2 Qe3+ 43. Kg2 d3 44. Kg3 d2 45. Rh1 Qe1+ 46. Rxe1 dxe1=Q+ 47. Kf4 Qxh4+ 48. Ke5 Qe1+ 49. Kd5 h4 50. Kd4 h3 51. f4 h2 52. Kd5 h1=Q+ 53. Kc4 Qhe4+ 54. Kb3 Q1b1+ 55. Kc3 Qed3#) 37. Ne4 Rxf3 38. Rxf3 Qxf3 39. Qxd4 {[%emt 0:00:31] KQR-KQN} Rf8 40. Nf2 Qg3+ 41. Kf1 Rf4 42. Qc5 b6 43. Qc2 Qxh4 {[%emt 0:00:25] White got outplayed after the opening.   Weighted Error Value: White=0.38/Black=0.07 (flawless)} 0-1

[Event "FIDE WSCC 50 2022"]
[Site "Assisi"]
[Date "2022.11.23"]
[Round "8.13"]
[White "Kantorik, Marian"]
[Black "Arakhamia-Grant, Ketevan"]
[Result "0-1"]
[ECO "B07"]
[WhiteElo "2171"]
[BlackElo "2327"]
[Annotator "TA"]
[PlyCount "62"]
[EventDate "2022.11.14"]
[EventType "swiss"]
[EventCountry "ITA"]
[SourceTitle "playchess.com"]
[Source "ChessBase"]
[SourceQuality "1"]
[TimeControl "40/5400+30:1800+30"]

1. d4 d6 2. e4 Nf6 3. Nc3 Nbd7 4. f4 e5 5. Nf3 exd4 6. Qxd4 c6 $1 7. a4 {[%emt 0:01:35] Prevents d5. 7.Bd2 gains popularity. B07: Pirc Defence: Miscellaneous Systems.} (7. Be3 $14) 7... d5 $11 8. e5 Bc5 9. Qd3 ({Better is} 9. Qd2 $1 $11) 9... Ng4 $1 $15 10. Nd1 {[%emt 0:00:21] Inhibits Nf2.} Qe7 {[%emt 0:01:20] Black is more active.} 11. Ne3 {[%emt 0:10:16] Prevents f6.} Nxe3 12. Bxe3 Bxe3 (12... f6 $17 13. Be2 O-O) 13. Qxe3 $11 Qb4+ 14. Kf2 Nc5 15. Qd4 Ne4+ {[%emt 0:00:27] [#]} 16. Ke3 $146 {[%emt 0:03:52][%mdl 2048] White is not holding back} ({Predecessor:} 16. Kg1 Qe7 17. Bd3 Bf5 18. a5 O-O 19. h3 Ng3 20. Bxf5 Nxf5 21. Qd3 g6 22. Kh2 {1-0 (43) Bologan,V (2620)-Bauer,C (2480) Bastia 1999}) 16... Qe7 17. Bd3 Bf5 18. Rad1 (18. Ke2 {simplifies} O-O 19. Rhe1 f6 20. exf6 Rxf6 21. Kf1) 18... O-O (18... Rd8 $5 19. Qxa7 O-O $11) 19. Bxe4 (19. Ng5 $15) 19... Bxe4 $17 20. c3 (20. Kd2 $17 {was worth a try.}) 20... f6 $19 {[%emt 0:09:14][%cal Bf7f6,Bf6e5][%mdl 32] And now ...c5 would win.} 21. Rhe1 $2 {[%emt 0:09:42] [#]} (21. e6) 21... c5 $1 22. Qd2 fxe5 23. Kf2 Rxf4 ({Not} 23... exf4 24. Qxd5+ Bxd5 25. Rxe7 $11) 24. Kg1 Raf8 25. Re2 Qf7 26. Qe1 (26. b4 $142) 26... Bxf3 27. gxf3 Rxf3 {[%emt 0:00:06] Strongly threatening ...e4.} 28. Rxe5 Qg6+ 29. Kh1 Rf2 30. Qg1 Qf6 31. Re3 d4 {[%emt 0:00:11] Weighted Error Value: White=0.76/Black=0.05 (flawless)} 0-1

[Event "FIDE WSCC 50 2022"]
[Site "Assisi"]
[Date "2022.11.23"]
[Round "8.14"]
[White "Jhunjhnuwala, Krishan"]
[Black "Michalek, Jan"]
[Result "1-0"]
[ECO "B22"]
[WhiteElo "2326"]
[BlackElo "2251"]
[Annotator "TA"]
[PlyCount "53"]
[EventDate "2022.11.14"]
[EventType "swiss"]
[EventCountry "ITA"]
[SourceTitle "playchess.com"]
[Source "ChessBase"]
[SourceQuality "1"]
[TimeControl "40/5400+30:1800+30"]

1. e4 c5 2. c3 Nf6 3. e5 Nd5 4. d4 cxd4 5. Qxd4 e6 6. Bc4 Nc6 7. Qe4 Nde7 8. Nf3 {[%emt 0:00:18] B22: Sicilian: 2 c3.} d5 (8... Ng6 $15) 9. exd6 $14 Nf5 10. Bb3 {[%emt 0:02:05] White is slightly better.} Bxd6 11. O-O {[%emt 0:02:00] [#]} Bd7 $146 ({Better is} 11... Qc7 $14) ({Predecessor:} 11... Qc7 12. Nbd2 b5 13. Bd5 Nfe7 14. Bxc6+ Nxc6 15. c4 b4 16. Nb3 f5 17. Qc2 Ne5 18. Nxe5 Bxe5 {½-½ (34) Ehrlich,S (1815)-Thesing,M (2440) Muenster 2000}) 12. Re1 {[%emt 0:05:05] White leaves nothing to chance now.} (12. Nbd2 $16) 12... Be7 (12... Nce7 $14) 13. Nbd2 (13. Bf4 $16) 13... Rc8 ({Black should try} 13... Nd6 $14 14. Qf4 O-O) 14. Nc4 $16 Nd6 (14... b5 $16 {was called for.}) 15. Nxd6+ $18 {[%emt 0:03:02] White is clearly better.} Bxd6 16. Bg5 Be7 17. Bf4 {[%emt 0:02:45] White is much more active.} Na5 (17... Qb6 $16 {might work better.} 18. Rad1 Rd8) 18. Rad1 Nxb3 19. axb3 Qb6 {[%emt 0:00:39] [#]} 20. Rxd7 Kxd7 {[%emt 0:00:41] [#]} 21. Ne5+ $1 Ke8 22. Qa4+ ({Weaker is} 22. Qd3 Rd8 23. Qf3 Qxb3 $17) 22... Rc6 23. Be3 Bc5 (23... Qa6 $142) 24. Nxc6 bxc6 25. Bxc5 Qxc5 26. b4 Qb6 27. Ra1 {[%emt 0:54:08] Weighted Error Value: White=0.12 (very precise) /Black=0.38} 1-0

[Event "FIDE WSCC 50 2022"]
[Site "Assisi"]
[Date "2022.11.23"]
[Round "8.15"]
[White "Fayard, Alain"]
[Black "Arkell, Keith C"]
[Result "0-1"]
[ECO "A40"]
[WhiteElo "2210"]
[BlackElo "2408"]
[Annotator "TA"]
[PlyCount "60"]
[EventDate "2022.11.14"]
[EventType "swiss"]
[EventCountry "ITA"]
[SourceTitle "playchess.com"]
[Source "ChessBase"]
[SourceQuality "1"]
[TimeControl "40/5400+30:1800+30"]

1. d4 e6 2. c4 Bb4+ 3. Nc3 c5 4. e3 Bxc3+ 5. bxc3 f5 6. Bd3 {[%emt 0:03:07] A40: Unusual replies to 1 d4.} Nf6 7. f3 ({Much weaker is} 7. dxc5 Na6 $15) 7... Nc6 8. Ne2 {[%emt 0:01:58] The position is equal.} d6 9. O-O e5 10. Qc2 g6 {[%emt 0:00:17] [#]} 11. Bd2 $146 ({Predecessor:} 11. e4 f4 12. a4 g5 13. a5 O-O 14. a6 b6 15. Bb2 Kh8 16. Rfd1 Rg8 17. g4 fxg3 18. Nxg3 {0-1 (33) Noboa Silva,K (2331)-Arkell,K (2381) Chess.com INT 2021}) 11... Qe7 {[%emt 0:02:11] Black wants to play ...e4.} 12. d5 {[%emt 0:01:52] Inhibits e4.} Nd8 {[%emt 0:00:07] Strongly threatening ...e4.} 13. Ng3 {[%emt 0:02:52] Against e4} h5 14. Nh1 e4 15. Be2 Nf7 16. Nf2 {[%emt 0:01:53] Black continues to play with concentration.} h4 17. fxe4 fxe4 18. Rab1 Bf5 19. Kh1 {[%emt 0:06:01] [#]} (19. Qa4+ $17 Kf8 20. Nh3) 19... Ne5 (19... O-O-O $1 $19 20. Nh3 Ne5) 20. a4 (20. Qa4+ $17 Kf7 21. Nh3) 20... O-O-O 21. a5 Qh7 22. Rb3 $2 (22. Nh3 {was the only defense.}) 22... Nh5 $19 23. Bxh5 (23. Nxe4 $2 {[#]} Ng3+ $1 24. Kg1 h3) 23... gxh5 (23... Qxh5 $2 {loses.} 24. Qd1 $19) 24. Bc1 (24. Rbb1 $142 Rdg8 25. Rg1) 24... Rhg8 {[%emt 0:02:17][%cal Og8g2,Bh8g8,Bg8g3,Bg3h3][%mdl 32] Hoping for ...Rxg2!} (24... Nxc4 $2 {is the wrong capture.} 25. Qe2 Ne5 26. Rb1 $19) 25. h3 Qg6 26. Nd1 {[%emt 0:00:45] [#]} Bxh3 $1 {[%emt 0:17:15][%mdl 512] Black mates.} 27. gxh3 (27. Rb2 Rdf8) 27... Qg3 28. Qh2 Nf3 29. Qxg3 Rxg3 30. Rb2 Rxh3+ {[%emt 0:00:28] Weighted Error Value: White=0.85/Black=0.08 (flawless)} 0-1